 Dungeon Crawl Stone Soup version 0.23.0-38-g208d714 (webtiles) character file.

Game seed: 0

416838 vishdafish the Unseen (level 23, -1/184 HPs)
             Began as a Gnoll Fighter on Feb 27, 2019.
             Was the Champion of Qazlal.
             Slain by a spriggan berserker (illusionary)
             ... wielding a +0 quarterstaff
              (5 damage)
             ... while paralysed by a vampire knight
             ... on level 3 of the Depths.
             The game lasted 01:57:24 (42545 turns).

vishdafish the Unseen (Gnoll Fighter)              Turns: 42545, Time: 01:57:25

Health: -1/184     AC: 31    Str: 28    XL:     23   Next: 62%
Magic:  38/42      EV:  2    Int: 11    God:    Qazlal [******]
Gold:   3331       SH:  0    Dex: 24    Spells: 52/52 levels left

rFire    . . .     SeeInvis +   t - +2 demon blade
rCold    . . .     Gourm    .   H - +0 large shield
rNeg     + + .     Faith    .   V - +7 plate armour "Ucaty" {+Fly rN+}
rPois    .         Spirit   .   (no helmet)
rElec    .         Reflect  .   K - +0 cloak "Hijur" {+Blink rF- Str+3 Dex+4}
rCorr    .         Harm     .   (no gloves)
MR       .....     Clarity  +   s - +1 pair of boots {run}
Stlth    +.........             A - amulet of Ruohuel {rN+ Regen+ SInv}
HPRegen  0.80/turn              D - +5 ring of slaying
MPRegen  0.28/turn              a - ring "Kylorphadd" {+Blink rF+ MR- Dex+2 Slay+5}

@: paralysed, protected from physical damage, studying Stealth, repel missiles,
quick
A: distributed training, fangs 1, hooves 1, clarity, strong nose
}: 2/15 runes: serpentine, barnacled
a: Upheaval, Elemental Force, Disaster Area, Renounce Religion, Evoke Blink,
Evoke Flight


You were on level 3 of the Depths.
You worshipped Qazlal.
Qazlal was exalted by your worship.
You were not hungry.

You visited 7 branches of the dungeon, and saw 38 of its levels.
You visited the Abyss 1 time.
You also visited: Trove and Sewer.

You collected 3817 gold pieces.
You spent 486 gold pieces at shops.

Inventory:

Hand Weapons
 t - a +2 demon blade (weapon)
 Q - a +3 demon trident of electrocution
Missiles
 v - 44 javelins (quivered)
 M - 6 throwing nets
 Y - 42 javelins of penetration
Armour
 s - a +1 pair of boots of running (worn)
 H - a +0 large shield (worn)
 K - the +0 cloak "Hijur" (worn) {+Blink rF- Str+3 Dex+4}
   (You found it on level 10 of the Dungeon)

   It affects your strength (+3).
   It affects your dexterity (+4).
   It makes you vulnerable to fire.
   It lets you blink.
 V - the +7 plate armour "Ucaty" (worn) {+Fly rN+}
   (You found it on level 2 of the Vaults)

   It protects you from negative energy.
   It lets you fly.
Jewellery
 a - the ring "Kylorphadd" (right hand) {+Blink rF+ MR- Dex+2 Slay+5}
   (You found it in a treasure trove)

   [ring of dexterity]

   It affects your dexterity (+2).
   It affects your accuracy and damage with ranged weapons and melee attacks
   (+5).
   It protects you from fire.
   It affects your resistance to hostile enchantments.
   It lets you blink.
 b - the ring of Phasing {EV+8}
   (You found it in a treasure trove)

   [ring of evasion]

   It affects your evasion (+8).
 A - the amulet of Ruohuel (around neck) {rN+ Regen+ SInv}
   (You acquired it on level 6 of the Lair of Beasts)

   [amulet of regeneration]

   It protects you from negative energy.
   It lets you see invisible.
   It increases your rate of regeneration.
 D - a +5 ring of slaying (left hand)
Wands
 c - a wand of disintegration (2)
 n - a wand of flame (6)
 q - a wand of acid (9)
 x - a wand of scattershot (3)
 z - a wand of enslavement (2)
 G - a wand of iceblast (7)
 J - a wand of paralysis (8)
Scrolls
 e - 6 scrolls of blinking
 g - 14 scrolls of remove curse
 i - 8 scrolls of magic mapping
 j - a scroll of silence
 m - 9 scrolls of enchant weapon
 p - 15 scrolls of teleportation
 u - 10 scrolls of fog
 y - a scroll of holy word
 C - 4 scrolls of enchant armour
 L - 2 scrolls of amnesia
 P - 5 scrolls of immolation
 R - 7 scrolls of fear
 S - 2 scrolls of identify
 W - 7 scrolls of vulnerability
Potions
 d - 3 potions of heal wounds
 h - 6 potions of agility
 k - 2 potions of haste
 l - 11 potions of curing
 o - 8 potions of brilliance
 r - 4 potions of invisibility
 w - 2 potions of might
 B - 2 potions of lignification
 E - 10 potions of flight
 F - 2 potions of cancellation
 I - 2 potions of ambrosia
 O - 4 potions of berserk rage
 X - 3 potions of magic
 Z - 8 potions of resistance
Books
 U - a manual of Stealth
Miscellaneous
 N - a phantom mirror
 T - a lamp of fire
Comestibles
 f - 38 rations


   Skills:
 + Level 16.0 Fighting
 + Level 15.0 Short Blades
 + Level 15.5 Long Blades
 + Level 15.0 Axes
 + Level 15.0 Maces & Flails
 + Level 15.0 Polearms
 + Level 15.0 Staves
 + Level 15.0 Slings
 + Level 15.0 Bows
 + Level 15.0 Crossbows
 + Level 15.0 Throwing
 + Level 16.0 Armour
 + Level 15.0 Dodging
 + Level 19.2 Stealth
 + Level 16.0 Shields
 + Level 15.0 Unarmed Combat
 + Level 15.0 Spellcasting
 + Level 12.9 Conjurations
 + Level 12.9 Hexes
 + Level 12.9 Charms
 + Level 12.9 Summonings
 + Level 12.9 Necromancy
 + Level 12.9 Translocations
 + Level 12.9 Transmutations
 + Level 12.9 Fire Magic
 + Level 12.9 Ice Magic
 + Level 12.9 Air Magic
 + Level 12.9 Earth Magic
 + Level 12.9 Poison Magic
 + Level 16.2 Invocations
 + Level 15.0 Evocations


You had 52 spell levels left.
You didn't know any spells.
Your spell library contained the following spells:

 Spells                   Type           Power        Failure   Level  Hunger
 Animate Skeleton         Necr           N/A          1%          1    None
 Apportation              Tloc           #####.       1%          1    None
 Confusing Touch          Hex            #####.       1%          1    None
 Corona                   Hex            #####..      1%          1    None
 Flame Tongue             Conj/Fire      #####        1%          1    None
 Freeze                   Ice            ####         1%          1    None
 Magic Dart               Conj           ####         1%          1    None
 Pain                     Necr           ####         1%          1    None
 Shock                    Conj/Air       ####         1%          1    None
 Sting                    Conj/Pois      ####         1%          1    None
 Summon Butterflies       Summ           #####...     1%          1    None
 Summon Small Mammal      Summ           ####         1%          1    None
 Blink                    Tloc           N/A          1%          2    None
 Call Imp                 Summ           #####...     1%          2    None
 Corpse Rot               Necr           N/A          1%          2    None
 Poisonous Vapours        Pois/Air       #####.       1%          2    None
 Slow                     Hex            #####...     1%          2    None
 Sublimation of Blood     Necr           #####.....   1%          2    None
 Swiftness                Chrm/Air       #####...     1%          2    None
 Throw Flame              Conj/Fire      #####.       1%          2    None
 Throw Frost              Conj/Ice       #####.       1%          2    None
 Call Canine Familiar     Summ           #####...     1%          3    None
 Confuse                  Hex            #####...     1%          3    None
 Conjure Flame            Conj/Fire      #####...     1%          3    None
 Gell's Gravitas          Tloc           #####.....   1%          3    None
 Inner Flame              Hex/Fire       #####...     1%          3    None
 Lesser Beckoning         Tloc           #####.....   1%          3    None
 Mephitic Cloud           Conj/Pois/Air  #####...     1%          3    None
 Ozocubu's Armour         Chrm/Ice       #####...     1%          3    None
 Portal Projectile        Hex/Tloc       #####.       1%          3    None
 Regeneration             Chrm/Necr      #####.....   1%          3    None
 Static Discharge         Conj/Air       #####...     1%          3    None
 Tukima's Dance           Hex            #####...     1%          3    None
 Vampiric Draining        Necr           #####.....   1%          3    None
 Airstrike                Air            #####.....   7%          4    ###....
 Animate Dead             Necr           N/A          7%          4    ###....
 Cause Fear               Hex            #####.....   7%          4    ###....
 Force Lance              Conj/Tloc      #####...     7%          4    ###....
 Leda's Liquefaction      Hex/Erth       #####.....   7%          4    ###....
 Olgreb's Toxic Radiance  Pois           #####...     7%          4    ###....
 Petrify                  Tmut/Erth      #####...     7%          4    ###....
 Sticky Flame             Conj/Fire      #####...     7%          4    ###....
 Summon Ice Beast         Ice/Summ       #####...     7%          4    ###....
 Throw Icicle             Conj/Ice       #####...     7%          4    ###....
 Agony                    Necr           #####...     19%         5    #####..
 Alistair's Intoxication  Tmut/Pois      #####...     19%         5    #####..
 Bolt of Draining         Conj/Necr      #####.....   19%         5    #####..
 Dispel Undead            Necr           #####...     19%         5    #####..
 Excruciating Wounds      Chrm/Necr      #####.....   19%         5    #####..
 Fireball                 Conj/Fire      #####.....   19%         5    #####..
 Irradiate                Conj/Tmut      #####.....   19%         5    #####..
 Lightning Bolt           Conj/Air       #####.....   19%         5    #####..
 Metabolic Englaciation   Hex/Ice        #####.....   19%         5    #####..
 Silence                  Hex/Air        #####.....   19%         5    #####..
 Summon Mana Viper        Hex/Summ       #####...     19%         5    #####..
 Venom Bolt               Conj/Pois      #####.....   19%         5    #####..
 Yara's Violent Unravell  Hex/Tmut       #####.....   19%         5    #####..
 Dispersal                Tloc           #####.....   71%         6    ######.
 Invisibility             Hex            #####...     71%         6    ######.
 Statue Form              Tmut/Erth      #####....    71%         6    ######.
 Summon Hydra             Summ           #####.....   99%         7    #######
 Controlled Blink         Tloc           N/A          100%        8    #######
 Disjunction              Tloc           #####.....   100%        8    #######


Dungeon Overview and Level Annotations

Branches:
Dungeon (15/15)            Temple (0/1) D:6            Lair (6/6) D:8
 Shoals (4/4) Lair:2        Snake (4/4) Lair:3        Slime (0/5) Lair:6
    Orc (2/2) D:11            Elf (0/3) Orc:2        Vaults (4/5) D:13
  Crypt (0/3) Vaults:3     Depths (3/5) D:15

Altars:
Gozag
Hepliaklqana
Makhleb
Okawaru
Qazlal
Sif Muna
Trog
Wu Jian
Beogh

Shops:
D:4 ?   D:5 !   Orc:1 *   Orc:2 :**}   Snake:2 =}}   Vaults:2 (   Vaults:3 (=?*
Depths:1 (*%(   Depths:2 (   Depths:3 %

Portals:
Hell: Depths:1 Depths:2 Depths:3
Ziggurat: Depths:3


Innate Abilities, Weirdness & Mutations

Your experience applies equally to all skills.
You have very sharp teeth.
Your uncanny sense of smell can sniff out nearby items.
You have large cloven feet.
You possess an exceptional clarity of mind.


Message History

The vampire knight bites you but does no damage.
The spriggan berserker hits you but does no damage.
The vampire knight is engulfed in freezing vapours.
The vampire knight hits you but does no damage.
The vampire knight bites you but does no damage.
The spriggan berserker hits you with a +0 quarterstaff!!
* * * LOW HITPOINT WARNING * * *
The vampire knight hits you with a +2 battleaxe!
* * * LOW HITPOINT WARNING * * *
The vampire knight bites you but does no damage.
The spriggan berserker hits you with a +0 quarterstaff!!
* * * LOW HITPOINT WARNING * * *
You feel more protected from physical attacks.
The vampire knight hits you with a +2 battleaxe!
* * * LOW HITPOINT WARNING * * *
You feel more protected from physical attacks.
The vampire knight bites you.
* * * LOW HITPOINT WARNING * * *
The spriggan berserker hits you with a +0 quarterstaff.
You die...

##..........#...C.(8......#
#...........#≈.....(.....§#
.......∩....#§≈..8Y(.8..≈≈#
.....[......#§≈§.......≈§≈#
............#≈≈≈≈..Y..≈≈§≈#
.........#).#§§≈§≈..R§≈≈§≈#
........###.#≈§§≈≈≈)≈≈≈§≈§#
......### #(#######C#############
.......#####...○@iCR.#...........
#####....#####.°V##...#......)...
# ###........#.##.[............ #
#......[..####......(...... #
#.............[>...........
#....∩.........(((((.......
##.........................
#.........................
#.................#.......


You could see a stone giant, a vampire knight (invisible), an ettin, a rakshasa
and a spriggan berserker (berserk).

Vanquished Creatures
  4 juggernauts (Depths:2)
  Bai Suzhen (Vaults:2)
  Vashnia (Snake:3)
  A caustic shrike (Depths:2)
  3 golden dragons
  A lich (Vaults:3)
  A tentacled monstrosity (Depths:3)
  A titan (Depths:2)
  A quicksilver dragon (Depths:2)
  2 krakens
  5 sphinxes
  Frances (Snake:2)
  A tentacled starspawn (Abyss:3)
  A tengu reaver (Depths:2)
  A shadow dragon (shapeshifter) (Vaults:2)
  2 storm dragons (Depths:2)
  9 nagarajas
  3 fire giants
  7 vault wardens
  A cacodemon (Abyss:3)
  3 frost giants
  3 iron dragons (Depths:2)
  Louise (Snake:3)
  10 stone giants
  6 ironheart preservers
  8 very ugly things
  An entropy weaver (Vaults:2)
  A dire elephant (D:15)
  11 ettins
  4 fire dragons
  8 merfolk javelineers
  A deep elf death mage (Vaults:2)
  9 yaktaur captains
  4 great orbs of eyes
  15 ogre magi
  11 rakshasas
  5 ice dragons
  A hell beast (Depths:2)
  Fannar (Lair:3)
  The ghost of Hasart the Thaumaturge, a journeyman DEEE of Vehumet (D:13)
  7 merfolk impalers
  10 hydras
  22 vault guards
  4 merfolk avatars
  15 centaur warriors
  16 naga warriors
  4 spriggan air magi (Depths:2)
  13 anacondas
  The ghost of Nordron the Grappler, a novice TrHu of Cheibriados (Lair:1)
  4 catoblepae
  A two-headed ogre (shapeshifter) (Depths:1)
  2 tengu warriors
  3 deep troll earth magi
  7 merfolk aquamancers
  4 satyrs
  50 two-headed ogres
  A deep troll shaman (Depths:3)
  8 thrashing horrors (Abyss:3)
  11 death yaks
  4 spriggan berserkers
  A vampire mage (Depths:1)
  2 orc high priests (Orc:2)
  9 shock serpents
  A titan skeleton (Abyss:3)
  18 naga sharpshooters
  2 small abominations
  A sun demon (Depths:2)
  5 hell knights
  An iron troll (Depths:3)
  5 salamander mystics
  4 deep elf knights
  3 wretched stars (Abyss:3)
  A sixfirhy (Abyss:3)
  4 wizards
  4 glowing orange brains
  21 sea snakes
  A spark wasp zombie (Depths:2)
  7 orc knights
  9 naga ritualists
  6 deep trolls
  30 harpies
  2 deep elf archers
  Pikel (D:9)
  2 orange crystal statues
  3 necromancers
  A harpy (shapeshifter) (Vaults:2)
  6 ironbrand convokers
  38 ugly things
  19 mana vipers
  2 wolf spiders
  7 orc sorcerers
  A fire giant zombie (Vaults:1)
  6 oklob plants
  15 salamanders
  5 deep elf magi
  12 manticores
  A salamander (shapeshifter) (Depths:1)
  20 fauns
  A worldbinder (Abyss:3)
  7 cyclopes
  2 guardian serpents (shapeshifter) (Depths:1)
  8 guardian serpents
  5 merfolk sirens
  A rust devil (Depths:2)
  An elephant (shapeshifter) (Vaults:1)
  23 naga magi
  6 water nymphs
  A fire giant skeleton (Vaults:1)
  3 vault sentinels
  A smoke demon (Abyss:3)
  46 black mambas
  7 spiny frogs
  3 gargoyles (D:14)
  An orange demon (Abyss:3)
  A torpor snail (Lair:4)
  A centaur skeleton (D:15)
  12 elephants
  2 kobold demonologists (D:15)
  A spiny frog (shapeshifter) (Vaults:1)
  3 rime drakes
  A yaktaur zombie (Vaults:2)
  A human skeleton (Vaults:2)
  6 starcursed masses (Abyss:3)
  2 efreet (D:13)
  47 yaktaurs
  4 freezing wraiths
  4 komodo dragons
  38 merfolk
  6 wind drakes
  3 tengu conjurers
  7 trolls
  3 polar bears
  A wind drake (shapeshifter) (D:15)
  2 hornets
  6 dream sheep
  11 blink frogs
  A blink frog (shapeshifter) (Depths:2)
  6 snapping turtles
  A hippogriff (shapeshifter) (Depths:3)
  14 hippogriffs
  13 slime creatures
  A centaur simulacrum (D:15)
  Sigmund (D:4)
  3 wraiths
  5 redbacks
  3 shadows
  A tarantella (Vaults:2)
  52 yaks
  5 large abominations (Abyss:3)
  2 vampires (D:14)
  5 wyverns
  A ynoxinul (Abyss:3)
  2 basilisks
  10 water elementals
  2 chaos spawn (Abyss:3)
  5 neqoxecs
  7 wargs
  A naga (shapeshifter) (D:13)
  2 vampire mosquitoes (D:15)
  An ogre zombie (Vaults:1)
  3 acid dragons
  65 nagas
  12 water moccasins
  7 porcupines
  Purgy (Sewer)
  35 orc warriors
  3 slaves (D:9)
  6 ice beasts
  6 sky beasts
  3 black bears
  An orc zombie (Vaults:2)
  31 ogres
  A phantom (D:11)
  A centaur (shapeshifter) (D:13)
  3 human zombies
  5 boggarts (Depths:2)
  A tengu (shapeshifter) (Depths:3)
  4 wolves (Lair:5)
  51 centaurs
  14 crocodiles
  6 big kobolds
  18 bullfrogs
  4 scorpions
  A wyvern skeleton (D:12)
  17 killer bees
  A vampire bat (D:4)
  2 electric eels (Lair:2)
  2 howler monkeys (D:7)
  8 jellies
  12 crimson imps
  A quasit (Abyss:3)
  5 centaur zombies
  24 orc priests
  2 bullfrog zombies
  5 hounds
  4 bullfrog skeletons
  4 iguanas
  30 orc wizards
  10 worker ants
  A killer bee zombie (D:10)
  A hound zombie (D:5)
  A worker ant zombie (D:11)
  14 adders
  A river rat (D:6)
  5 shadow imps
  4 white imps (Abyss:3)
  2 ufetubi (Abyss:3)
  2 oozes
  3 adder skeletons
  5 worms
  2 dart slugs
  3 fire bats (D:4)
  3 leopard geckos
  81 orcs
  2 spectral bats (D:4)
  3 bat skeletons (D:4)
  A bat zombie (D:4)
  5 giant cockroaches
  12 hobgoblins
  5 jackals
  21 kobolds
  A quokka (D:7)
  5 ball pythons
  20 bats
  A bat simulacrum (D:4)
  7 frilled lizards
  5 goblins
  A leopard gecko zombie (D:6)
  2 quokka skeletons
  2 quokka zombies
  11 rats
  A fungus (Depths:2)
  6 plants
  A starspawn tentacle (Abyss:3)
  6 tentacles
1691 creatures vanquished.

Vanquished Creatures (collateral kills)
  A thrashing horror (Abyss:3)
  A chaos spawn (Abyss:3)
2 creatures vanquished.

Vanquished Creatures (others)
  A tengu reaver (Depths:2)
  A merfolk impaler (Depths:2)
  A shock serpent (Snake:3)
  An ironbrand convoker (Vaults:2)
  A necromancer (Depths:1)
  A mana viper (Snake:3)
  An ooze (shapeshifter) (D:13)
  An orc (Orc:2)
  29 fungi
  22 plants
  2 starspawn tentacles (Abyss:3)
  6 tentacles
67 creatures vanquished.

Grand Total: 1760 creatures vanquished

Notes
Turn   | Place    | Note
-------+----------+-------------------------------------------
     0 | D:1      | vishdafish the Gnoll Fighter began the quest for the Orb.
     0 | D:1      | Reached XP level 1. HP: 23/23 MP: 1/1
   181 | D:1      | Reached XP level 2. HP: 29/29 MP: 2/2
   668 | D:2      | Found a burning altar of Makhleb.
   717 | D:2      | Reached XP level 3. HP: 31/35 MP: 3/3
   913 | D:2      | Reached skill level 1 in Invocations
  1075 | D:2      | Reached skill level 1 in Short Blades
  1075 | D:2      | Reached skill level 1 in Axes
  1075 | D:2      | Reached skill level 1 in Maces & Flails
  1075 | D:2      | Reached skill level 1 in Polearms
  1075 | D:2      | Reached skill level 1 in Staves
  1075 | D:2      | Reached skill level 1 in Slings
  1075 | D:2      | Reached skill level 1 in Bows
  1075 | D:2      | Reached skill level 1 in Crossbows
  1075 | D:2      | Reached skill level 1 in Throwing
  1075 | D:2      | Reached skill level 1 in Dodging
  1075 | D:2      | Reached skill level 1 in Stealth
  1075 | D:2      | Reached skill level 1 in Unarmed Combat
  1075 | D:2      | Reached skill level 1 in Spellcasting
  1075 | D:2      | Reached skill level 1 in Evocations
  1398 | D:3      | Reached XP level 4. HP: 41/41 MP: 5/5
  1483 | D:3      | Found a stormy altar of Qazlal.
  1617 | D:3      | Reached skill level 1 in Conjurations
  1617 | D:3      | Reached skill level 1 in Hexes
  1617 | D:3      | Reached skill level 1 in Charms
  1617 | D:3      | Reached skill level 1 in Summonings
  1617 | D:3      | Reached skill level 1 in Necromancy
  1617 | D:3      | Reached skill level 1 in Translocations
  1617 | D:3      | Reached skill level 1 in Transmutations
  1617 | D:3      | Reached skill level 1 in Fire Magic
  1617 | D:3      | Reached skill level 1 in Ice Magic
  1617 | D:3      | Reached skill level 1 in Air Magic
  1617 | D:3      | Reached skill level 1 in Earth Magic
  1617 | D:3      | Reached skill level 1 in Poison Magic
  1908 | D:3      | Found a stormy altar of Qazlal.
  2027 | D:3      | Became a worshipper of Qazlal Stormbringer
  2066 | D:3      | Reached XP level 5. HP: 47/47 MP: 6/6
  2217 | D:4      | Noticed Sigmund
  2226 | D:4      | Killed Sigmund
  2226 | D:4      | Reached XP level 6. HP: 52/53 MP: 6/8
  2342 | D:4      | Reached skill level 5 in Long Blades
  2376 | D:4      | Reached skill level 2 in Stealth
  2526 | D:4      | Found Nuv Vasi's Magic Scroll Boutique.
  2529 | D:4      | Bought a scroll of teleportation for 39 gold pieces
  2529 | D:4      | Bought a scroll of fog for 26 gold pieces
  2636 | D:4      | Got a bloodstained dagger
  2637 | D:4      | Identified the +3 dagger of Ruination {speed, +Blink rF+
                  | Int-2 Stlth+} (You found it on level 4 of the Dungeon)
  2710 | D:4      | Reached XP level 7. HP: 42/59 MP: 10/10
  2726 | D:4      | Reached * piety under Qazlal
  2883 | D:5      | Entered Level 5 of the Dungeon
  3113 | D:5      | Reached XP level 8. HP: 41/67 MP: 12/12
  3216 | D:5      | Reached skill level 3 in Stealth
  3293 | D:5      | Found Fifuuc's Distillery.
  3296 | D:5      | Bought a potion of mutation for 112 gold pieces
  3296 | D:5      | Gained mutation: Your magical capacity is low. (-10% MP)
                  | [potion of mutation]
  3296 | D:5      | Gained mutation: You are partially covered in thin metallic
                  | scales. (AC +2) [potion of mutation]
  3296 | D:5      | Gained mutation: You are mostly covered in thin metallic
                  | scales. (AC +3) [potion of mutation]
  3418 | D:5      | You fall through a shaft!
  3429 | D:6      | Found a glowing drain.
  3439 | D:6      | Reached ** piety under Qazlal
  3459 | Sewer    | Entered a sewer
  3481 | Sewer    | Noticed Purgy
  3489 | Sewer    | Killed Purgy
  3578 | D:6      | Found a staircase to the Ecumenical Temple.
  3669 | D:6      | Found a bloodstained altar of Trog.
  3675 | D:6      | Found a hazy altar of Hepliaklqana.
  3677 | D:6      | Found an iron altar of Okawaru.
  4194 | D:6      | Found an ornate altar of the Wu Jian Council.
  4469 | D:7      | Reached XP level 9. HP: 66/72 MP: 13/13
  4624 | D:7      | Reached skill level 4 in Stealth
  5027 | D:8      | Reached *** piety under Qazlal
  5046 | D:8      | Found a staircase to the Lair.
  5216 | D:9      | Reached skill level 5 in Invocations
  5307 | D:9      | Reached XP level 10. HP: 44/80 MP: 15/15
  5381 | D:9      | Noticed a two-headed ogre
  5401 | D:8      | Noticed a two-headed hydra
  5407 | D:8      | Killed a two-headed hydra
  5407 | D:8      | Reached skill level 5 in Short Blades
  5407 | D:8      | Reached skill level 5 in Axes
  5407 | D:8      | Reached skill level 5 in Maces & Flails
  5407 | D:8      | Reached skill level 5 in Polearms
  5407 | D:8      | Reached skill level 5 in Staves
  5407 | D:8      | Reached skill level 5 in Slings
  5407 | D:8      | Reached skill level 5 in Bows
  5407 | D:8      | Reached skill level 5 in Crossbows
  5407 | D:8      | Reached skill level 5 in Throwing
  5407 | D:8      | Reached skill level 5 in Dodging
  5407 | D:8      | Reached skill level 5 in Stealth
  5407 | D:8      | Reached skill level 5 in Unarmed Combat
  5407 | D:8      | Reached skill level 5 in Spellcasting
  5407 | D:8      | Reached skill level 5 in Evocations
  5639 | D:8      | Found a deep blue altar of Sif Muna.
  5639 | D:8      | Noticed an oklob plant
  5652 | D:8      | Killed an oklob plant
  6054 | D:9      | Killed a two-headed ogre
  6114 | D:9      | Noticed Pikel
  6134 | D:9      | Killed Pikel
  6313 | D:9      | Reached **** piety under Qazlal
  6545 | D:9      | Reached XP level 11. HP: 77/87 MP: 17/17
  6563 | D:9      | Found an opulent altar of Gozag.
  6733 | D:10     | Entered Level 10 of the Dungeon
  6804 | D:10     | Noticed a two-headed ogre
  6816 | D:10     | Killed a two-headed ogre
  7167 | D:10     | Reached skill level 6 in Stealth
  7193 | D:10     | Noticed a two-headed ogre
  7200 | D:10     | Killed a two-headed ogre
  7200 | D:10     | Reached skill level 5 in Conjurations
  7200 | D:10     | Reached skill level 5 in Hexes
  7200 | D:10     | Reached skill level 5 in Charms
  7200 | D:10     | Reached skill level 5 in Summonings
  7200 | D:10     | Reached skill level 5 in Necromancy
  7200 | D:10     | Reached skill level 5 in Translocations
  7200 | D:10     | Reached skill level 5 in Transmutations
  7200 | D:10     | Reached skill level 5 in Fire Magic
  7200 | D:10     | Reached skill level 5 in Ice Magic
  7200 | D:10     | Reached skill level 5 in Air Magic
  7200 | D:10     | Reached skill level 5 in Earth Magic
  7200 | D:10     | Reached skill level 5 in Poison Magic
  7229 | D:10     | Noticed a two-headed ogre
  7248 | D:10     | Killed a two-headed ogre
  7571 | D:10     | Got a transparent cloak
  7577 | D:10     | Identified the cursed +0 cloak "Hijur" {+Blink rF- Str+3
                  | Dex+4} (You found it on level 10 of the Dungeon)
  7696 | D:11     | Noticed a cyclops
  7705 | D:11     | Killed a cyclops
  7745 | D:11     | Noticed a cyan ugly thing
  7754 | D:11     | Killed a cyan ugly thing
  7870 | D:11     | Reached ***** piety under Qazlal
  7897 | D:11     | Noticed a two-headed ogre
  7904 | D:11     | Killed a two-headed ogre
  7910 | D:11     | Noticed a green ugly thing
  7931 | D:11     | Killed a green ugly thing
  7990 | D:11     | Noticed a seven-headed hydra
  8004 | D:11     | Killed a seven-headed hydra
  8004 | D:11     | Reached XP level 12. HP: 94/96 MP: 18/19
  8148 | D:11     | Found a staircase to the Orcish Mines.
  8177 | D:11     | Noticed a two-headed ogre
  8182 | D:11     | Killed a two-headed ogre
  8651 | Lair:1   | Entered Level 1 of the Lair of Beasts
  8715 | Lair:1   | Reached skill level 7 in Stealth
  8814 | Lair:1   | Found a runed translucent gate.
  8815 | Lair:1   | Found a runed translucent gate.
  8816 | Lair:1   | Found a runed translucent gate.
  8817 | Lair:1   | Noticed Nordron's ghost (novice TrHu)
  9426 | Lair:1   | Killed Nordron's ghost
  9450 | Lair:1   | Got a bronze scale mail
  9461 | Lair:1   | Identified the +1 scale mail of Sif Muna's Regard {rElec
                  | rN+ rCorr Str+3} (You found it on level 1 of the Lair of
                  | Beasts)
  9616 | Lair:2   | Identified 3 scrolls of acquirement
 10150 | Lair:2   | Found a staircase to the Shoals.
 10242 | Lair:2   | Reached skill level 10 in Fighting
 10242 | Lair:2   | Reached skill level 10 in Armour
 10242 | Lair:2   | Reached skill level 10 in Shields
 10617 | Lair:3   | Found a staircase to the Snake Pit.
 10622 | Lair:3   | Noticed a five-headed hydra
 10829 | Lair:2   | Killed a five-headed hydra
 10829 | Lair:2   | Reached skill level 8 in Stealth
 10834 | Lair:2   | Reached XP level 13. HP: 103/103 MP: 22/22
 10984 | Lair:3   | Noticed Fannar
 10999 | Lair:3   | Killed Fannar
 11924 | Lair:4   | Reached skill level 9 in Stealth
 12731 | Lair:4   | Reached XP level 14. HP: 60/111 MP: 24/24
 13344 | Lair:5   | Reached skill level 10 in Stealth
 13390 | Lair:5   | Reached skill level 10 in Long Blades
 14033 | Lair:6   | Entered Level 6 of the Lair of Beasts
 14304 | Lair:6   | Reached ****** piety under Qazlal
 14323 | Lair:6   | Found a staircase to the Slime Pits.
 14613 | Lair:6   | Reached skill level 10 in Invocations
 15100 | Lair:6   | Got a bloodstained mace
 15101 | Lair:6   | Identified the +10 mace "Backscratcher" {freeze, +Inv rPois
                  | Int+4 Dex-4} (You found it on level 6 of the Lair of
                  | Beasts)
 15398 | Lair:6   | Got a heavily runed jade ring
 15400 | Lair:6   | Identified the ring of the Leaf {rCorr Int+3} (You acquired
                  | it on level 6 of the Lair of Beasts)
 15410 | Lair:6   | Identified a +1 pair of boots of running (You acquired it
                  | on level 6 of the Lair of Beasts)
 15413 | Lair:6   | Got a wavering emerald amulet
 15415 | Lair:6   | Identified the amulet of Ruohuel {rN+ Regen+ SInv} (You
                  | acquired it on level 6 of the Lair of Beasts)
 15670 | Orc:1    | Entered Level 1 of the Orcish Mines
 15843 | Orc:1    | Found Gywimn's Assorted Antiques.
 15851 | Orc:1    | Bought a scroll of identify for 60 gold pieces
 15851 | Orc:1    | Bought a scroll labeled DEOREU LOATHRUE for 30 gold pieces
 16221 | Orc:2    | Entered Level 2 of the Orcish Mines
 16223 | Orc:2    | Reached skill level 11 in Stealth
 16317 | Orc:2    | Found a roughly hewn altar of Beogh.
 16367 | Orc:2    | Found a staircase to the Elven Halls.
 16509 | Orc:2    | Reached XP level 15. HP: 39/119 MP: 20/25
 16792 | Orc:2    | Found Kotruone's Book Shoppe.
 16792 | Orc:2    | Found Naremn's Gadget Emporium.
 16792 | Orc:2    | Found Derauwne's General Store.
 16797 | Orc:2    | Found Paamyxza's General Store.
 16800 | Orc:2    | Bought a scroll of identify for 30 gold pieces
 16803 | Orc:2    | Bought a scroll of identify for 34 gold pieces
 17789 | D:12     | You fall through a shaft!
 18001 | D:13     | Found a runed translucent gate.
 18001 | D:13     | Found a runed translucent gate.
 18001 | D:13     | Found a runed translucent gate.
 18315 | D:13     | Reached skill level 10 in Short Blades
 18315 | D:13     | Reached skill level 10 in Axes
 18315 | D:13     | Reached skill level 10 in Maces & Flails
 18315 | D:13     | Reached skill level 10 in Polearms
 18315 | D:13     | Reached skill level 10 in Staves
 18315 | D:13     | Reached skill level 10 in Slings
 18315 | D:13     | Reached skill level 10 in Bows
 18315 | D:13     | Reached skill level 10 in Crossbows
 18315 | D:13     | Reached skill level 10 in Throwing
 18315 | D:13     | Reached skill level 10 in Dodging
 18315 | D:13     | Reached skill level 10 in Unarmed Combat
 18315 | D:13     | Reached skill level 10 in Spellcasting
 18315 | D:13     | Reached skill level 10 in Evocations
 18603 | D:13     | Found a gate to the Vaults.
 18875 | D:13     | Reached skill level 12 in Stealth
 18890 | D:13     | Found a runed translucent gate.
 18890 | D:13     | Found a runed translucent gate.
 18894 | D:13     | Found a runed translucent gate.
 18894 | D:13     | Noticed Hasart's ghost (journeyman DEEE)
 18901 | D:13     | Lost mutation: You are mostly covered in thin metallic
                  | scales. (AC +3) [potion of mutation]
 18901 | D:13     | Lost mutation: Your magical capacity is low. (-10% MP)
                  | [potion of mutation]
 18901 | D:13     | Gained mutation: You have sharp toenails. [potion of
                  | mutation]
 18901 | D:13     | Gained mutation: Your muscles are strong. (Str +2) [potion
                  | of mutation]
 18901 | D:13     | Gained mutation: Your spells are a little easier to cast,
                  | but a little less powerful. [potion of mutation]
 18901 | D:13     | Gained mutation: You are partially covered in large bone
                  | plates. (SH +4) [potion of mutation]
 18906 | D:13     | Lost mutation: Your muscles are strong. (Str +2) [potion of
                  | mutation]
 18906 | D:13     | Lost mutation: You are partially covered in thin metallic
                  | scales. (AC +2) [potion of mutation]
 18906 | D:13     | Gained mutation: You have a pair of small horns on your
                  | head. [potion of mutation]
 18906 | D:13     | Gained mutation: Your movements are slightly less
                  | encumbered by armour. (ER -2) [potion of mutation]
 18928 | D:13     | Killed Hasart's ghost
 18943 | D:13     | Lost mutation: You have sharp toenails. [potion of
                  | mutation]
 18943 | D:13     | Gained mutation: You are robust. (+10% HP) [potion of
                  | mutation]
 18943 | D:13     | Gained mutation: Your magical capacity is low. (-10% MP)
                  | [potion of mutation]
 18943 | D:13     | Gained mutation: You have sharp toenails. [potion of
                  | mutation]
 18944 | D:13     | Lost mutation: Your magical capacity is low. (-10% MP)
                  | [potion of mutation]
 18944 | D:13     | Lost mutation: You have a pair of small horns on your head.
                  | [potion of mutation]
 18944 | D:13     | Lost mutation: Your spells are a little easier to cast, but
                  | a little less powerful. [potion of mutation]
 18944 | D:13     | Lost mutation: You have sharp toenails. [potion of
                  | mutation]
 18944 | D:13     | Gained mutation: You tend to lose your temper in combat.
                  | [potion of mutation]
 18944 | D:13     | Gained mutation: You are dopey. (Int -2) [potion of
                  | mutation]
 18944 | D:13     | Gained mutation: You are weak. (Str -2) [potion of
                  | mutation]
 18944 | D:13     | Gained mutation: You have large cloven feet. [potion of
                  | mutation]
 18945 | D:13     | Lost mutation: You are weak. (Str -2) [potion of mutation]
 18945 | D:13     | Lost mutation: You tend to lose your temper in combat.
                  | [potion of mutation]
 18945 | D:13     | Gained mutation: You have a pair of small horns on your
                  | head. [potion of mutation]
 18945 | D:13     | Gained mutation: You are somewhat resistant to further
                  | mutation. [potion of mutation]
 19475 | D:14     | Got an ancient long sword
 19476 | D:14     | Identified the +7 long sword of Dareiseps {drain, *Corrode
                  | +Rage MR+ Dex+2} (You found it on level 14 of the Dungeon)
 19489 | D:14     | Got an ichor-stained rapier
 19732 | D:14     | Identified the +7 rapier "Acarinebane" {freeze, rElec MR+
                  | Str+4} (You found it on level 14 of the Dungeon)
 19757 | D:14     | Reached XP level 16. HP: 139/139 MP: 30/30
 20633 | D:15     | Entered Level 15 of the Dungeon
 21106 | D:15     | Found a staircase to the Depths.
 22092 | Snake:1  | Entered Level 1 of the Snake Pit
 22128 | Snake:1  | Reached skill level 13 in Stealth
 22975 | Snake:1  | Reached XP level 17. HP: 140/148 MP: 26/32
 23586 | Snake:2  | Noticed Frances
 23599 | Snake:2  | Killed Frances
 24603 | Snake:2  | Found Keskaabb's Jewellery Emporium.
 24603 | Snake:2  | Found Xurof's Gadget Boutique.
 24604 | Snake:2  | Found Hadwocuh's Gadget Boutique.
 24840 | Snake:3  | Reached skill level 14 in Stealth
 24853 | Snake:3  | Noticed Louise
 25219 | Snake:3  | Noticed Vashnia
 26200 | Snake:3  | Identified the cursed -3 helmet of Jothoy {MR+ Str-2 Dex+4}
                  | (You found it on level 3 of the Snake Pit)
 26254 | Snake:3  | Reached skill level 10 in Conjurations
 26254 | Snake:3  | Reached skill level 10 in Hexes
 26254 | Snake:3  | Reached skill level 10 in Charms
 26254 | Snake:3  | Reached skill level 10 in Summonings
 26254 | Snake:3  | Reached skill level 10 in Necromancy
 26254 | Snake:3  | Reached skill level 10 in Translocations
 26254 | Snake:3  | Reached skill level 10 in Transmutations
 26254 | Snake:3  | Reached skill level 10 in Fire Magic
 26254 | Snake:3  | Reached skill level 10 in Ice Magic
 26254 | Snake:3  | Reached skill level 10 in Air Magic
 26254 | Snake:3  | Reached skill level 10 in Earth Magic
 26254 | Snake:3  | Reached skill level 10 in Poison Magic
 26389 | Snake:3  | Killed Louise
 26389 | Snake:3  | Reached XP level 18. HP: 148/157 MP: 33/33
 26419 | Snake:3  | Killed Vashnia
 26700 | Snake:4  | Entered Level 4 of the Snake Pit
 27762 | Snake:4  | Reached skill level 15 in Stealth
 28229 | Snake:4  | Got a serpentine rune of Zot
 28681 | Vaults:1 | Entered Level 1 of the Vaults
 28708 | Vaults:1 | Paralysed by a great orb of eyes for 7 turns
 29052 | Vaults:1 | Reached XP level 19. HP: 110/166 MP: 35/35
 30352 | Vaults:2 | You fall through a shaft!
 30673 | Vaults:3 | Reached skill level 16 in Stealth
 30886 | Vaults:3 | Found Qatidi's Magic Scroll Shop.
 31130 | Vaults:3 | Found Vehepu's General Store.
 31321 | Vaults:3 | Found Rulunocu's Jewellery Emporium.
 31325 | Vaults:3 | Found Suusaem's Antique Weapon Emporium.
 31569 | Vaults:3 | Found a staircase to the Crypt.
 31569 | Vaults:3 | Noticed a lich
 31580 | Vaults:3 | Killed a lich
 32123 | Vaults:2 | Reached XP level 20. HP: 171/174 MP: 36/36
 32155 | Vaults:2 | Noticed Bai Suzhen
 32168 | Vaults:2 | Killed Bai Suzhen
 32381 | Vaults:2 | Identified Sif Muna's Reference Book on Ensnaring Changing
 32947 | Vaults:2 | Found Enaisapu's Weapon Emporium.
 32959 | Vaults:2 | Identified the +7 plate armour "Ucaty" {+Fly rN+} (You
                  | found it on level 2 of the Vaults)
 33589 | Shoals:1 | Entered Level 1 of the Shoals
 33723 | Shoals:1 | Reached skill level 17 in Stealth
 34592 | Shoals:2 | Reached XP level 21. HP: 172/182 MP: 38/38
 34743 | Shoals:2 | Cast into level 3 of the Abyss (the power of Zot)
 34818 | Abyss:3  | Lost mutation: You are robust. (+10% HP) [a neqoxec]
 35077 | Shoals:2 | Escaped the Abyss
 35919 | Shoals:3 | Reached skill level 15 in Fighting
 35919 | Shoals:3 | Reached skill level 15 in Armour
 35919 | Shoals:3 | Reached skill level 15 in Shields
 36235 | Shoals:3 | Lost mutation: You have a pair of small horns on your head.
                  | [potion of mutation]
 36235 | Shoals:3 | Lost mutation: You are dopey. (Int -2) [potion of mutation]
 36235 | Shoals:3 | Lost mutation: You are partially covered in large bone
                  | plates. (SH +4) [potion of mutation]
 36235 | Shoals:3 | Lost mutation: You are somewhat resistant to further
                  | mutation. [potion of mutation]
 36235 | Shoals:3 | Gained mutation: You are robust. (+10% HP) [potion of
                  | mutation]
 36235 | Shoals:3 | Gained mutation: You can translocate small distances at
                  | will. [potion of mutation]
 36236 | Shoals:3 | Lost mutation: You are robust. (+10% HP) [potion of
                  | mutation]
 36236 | Shoals:3 | Lost mutation: Your movements are slightly less encumbered
                  | by armour. (ER -2) [potion of mutation]
 36236 | Shoals:3 | Lost mutation: You can translocate small distances at will.
                  | [potion of mutation]
 36236 | Shoals:3 | Gained mutation: You possess an exceptional clarity of
                  | mind. [potion of mutation]
 36621 | Shoals:4 | Entered Level 4 of the Shoals
 36642 | Shoals:4 | Reached skill level 15 in Invocations
 37801 | Shoals:4 | Got a barnacled rune of Zot
 38326 | Depths:1 | Entered Level 1 of the Depths
 38405 | Depths:1 | Reached XP level 22. HP: 130/175 MP: 40/40
 38445 | Depths:1 | Reached skill level 18 in Stealth
 38660 | Depths:1 | Noticed a golden dragon
 38764 | Depths:1 | Killed a golden dragon
 39134 | Depths:1 | Found Zisuil's Food Shoppe.
 39136 | Depths:1 | Found Couch's Weapon Shoppe.
 39136 | Depths:1 | Found Macs's Antique Weapon Emporium.
 39139 | Depths:1 | Found Zeckod's Assorted Antiques.
 39152 | Depths:1 | Bought a potion of berserk rage for 155 gold pieces
 39244 | Depths:1 | Found a gateway to Hell.
 39628 | Depths:2 | Reached skill level 15 in Long Blades
 39874 | Depths:2 | Found a portal to a secret trove of treasure.
 39914 | Depths:2 | Found Xieng's Weapon Boutique.
 40443 | Depths:2 | Noticed a golden dragon
 40444 | Depths:2 | Noticed a golden dragon
 40460 | Depths:2 | You paid a toll of 7 potions of haste to enter a treasure
                  | trove
 40461 | Trove    | Entered a treasure trove
 40494 | Trove    | Found the ring of Phasing {EV+8}
 40501 | Trove    | Got a flickering graven amulet
 40502 | Trove    | Identified the amulet "Laguy" {Spirit Int+5} (You found it
                  | in a treasure trove)
 40520 | Trove    | Got a brightly glowing turquoise ring
 40521 | Trove    | Identified the ring "Kylorphadd" {+Blink rF+ MR- Dex+2
                  | Slay+5} (You found it in a treasure trove)
 40532 | Trove    | Got a bound granite ring
 40533 | Trove    | Identified the ring of Foolhardiness {AC+1 Int+2 Dex+2
                  | SInv} (You found it in a treasure trove)
 40553 | Trove    | Got a bound iron ring
 40554 | Trove    | Identified the ring of Absolutism {+Fly rN+ MR+} (You found
                  | it in a treasure trove)
 40753 | Depths:2 | Identified the +5 great sword of Zugiuj {protect, -Tele
                  | Str+5 SInv}
 40793 | Depths:2 | Reached XP level 23. HP: 103/183 MP: 41/41
 40802 | Depths:2 | Killed a golden dragon
 41305 | Depths:2 | Noticed a juggernaut
 41308 | Depths:2 | Noticed a juggernaut
 41335 | Depths:2 | Killed a golden dragon
 41338 | Depths:2 | Killed a juggernaut
 41347 | Depths:2 | Killed a juggernaut
 41513 | Depths:2 | Noticed a caustic shrike
 41519 | Depths:2 | Reached skill level 19 in Stealth
 41526 | Depths:2 | Killed a caustic shrike
 41529 | Depths:2 | Noticed a juggernaut
 41565 | Depths:2 | Killed a juggernaut
 41705 | Depths:2 | Noticed a juggernaut
 41706 | Depths:2 | Identified the +11 flail "Qiwiliz" {venom, -Tele *Corrode
                  | rElec rC+++}
 41721 | Depths:2 | Killed a juggernaut
 41792 | Depths:2 | Identified the Collected Works on Shape Shifting and Toxins
 42171 | Depths:3 | Reached skill level 15 in Short Blades
 42171 | Depths:3 | Reached skill level 15 in Axes
 42171 | Depths:3 | Reached skill level 15 in Maces & Flails
 42171 | Depths:3 | Reached skill level 15 in Polearms
 42171 | Depths:3 | Reached skill level 15 in Staves
 42171 | Depths:3 | Reached skill level 15 in Slings
 42171 | Depths:3 | Reached skill level 15 in Bows
 42171 | Depths:3 | Reached skill level 15 in Crossbows
 42171 | Depths:3 | Reached skill level 15 in Throwing
 42171 | Depths:3 | Reached skill level 15 in Dodging
 42171 | Depths:3 | Reached skill level 15 in Unarmed Combat
 42171 | Depths:3 | Reached skill level 15 in Spellcasting
 42171 | Depths:3 | Reached skill level 15 in Evocations
 42211 | Depths:3 | Found a gateway to a ziggurat.
 42306 | Depths:3 | Found Rocuu's Food Emporium.
 42541 | Depths:3 | Paralysed by a vampire knight for 6 turns
 42545 | Depths:3 | HP: 6/184 [vampire knight/+2 battleaxe (8)]
 42545 | Depths:3 | Slain by a spriggan berserker (illusionary)

Skill      XL: |  1  2  3  4  5  6  7  8  9 10 11 12 13 14 15 16 17 18 19 20 21 22 23 |
---------------+----------------------------------------------------------------------+-----
Invocations    | 1 2 3 4 5 6 7 8 9 10 11 12 13 14 15 16 | 16.2
Short Blades   | 1 2 3 4 5 6 7 8 9 10 11 12 13 14 15 | 15.0
Axes           | 1 2 3 4 5 6 7 8 9 10 11 12 13 14 15 | 15.0
Maces & Flails | 1 2 3 4 5 6 7 8 9 10 11 12 13 14 15 | 15.0
Polearms       | 1 2 3 4 5 6 7 8 9 10 11 12 13 14 15 | 15.0
Staves         | 1 2 3 4 5 6 7 8 9 10 11 12 13 14 15 | 15.0
Slings         | 1 2 3 4 5 6 7 8 9 10 11 12 13 14 15 | 15.0
Bows           | 1 2 3 4 5 6 7 8 9 10 11 12 13 14 15 | 15.0
Crossbows      | 1 2 3 4 5 6 7 8 9 10 11 12 13 14 15 | 15.0
Throwing       | 1 2 3 4 5 6 7 8 9 10 11 12 13 14 15 | 15.0
Dodging        | 1 2 3 4 5 6 7 8 9 10 11 12 13 14 15 | 15.0
Stealth        | 1 2 3 4 5 6 8 9 11 12 13 14 15 16 17 18 19 | 19.2
Unarmed Combat | 1 2 3 4 5 6 7 8 9 10 11 12 13 14 15 | 15.0
Spellcasting   | 1 2 3 4 5 6 7 8 9 10 11 12 13 14 15 | 15.0
Evocations     | 1 2 3 4 5 6 7 8 9 10 11 12 13 14 15 | 15.0
Conjurations   | 1 2 3 4 5 6 7 8 9 10 11 12 | 12.9
Hexes          | 1 2 3 4 5 6 7 8 9 10 11 12 | 12.9
Charms         | 1 2 3 4 5 6 7 8 9 10 11 12 | 12.9
Summonings     | 1 2 3 4 5 6 7 8 9 10 11 12 | 12.9
Necromancy     | 1 2 3 4 5 6 7 8 9 10 11 12 | 12.9
Translocations | 1 2 3 4 5 6 7 8 9 10 11 12 | 12.9
Transmutations | 1 2 3 4 5 6 7 8 9 10 11 12 | 12.9
Fire Magic     | 1 2 3 4 5 6 7 8 9 10 11 12 | 12.9
Ice Magic      | 1 2 3 4 5 6 7 8 9 10 11 12 | 12.9
Air Magic      | 1 2 3 4 5 6 7 8 9 10 11 12 | 12.9
Earth Magic    | 1 2 3 4 5 6 7 8 9 10 11 12 | 12.9
Poison Magic   | 1 2 3 4 5 6 7 8 9 10 11 12 | 12.9
Long Blades    | 5 6 7 8 9 10 11 12 13 14 15 | 15.5
Fighting       | 7 8 9 10 11 12 13 14 15 16 | 16.0
Armour         | 7 8 9 10 11 12 13 14 15 16 | 16.0
Shields        | 7 8 9 10 11 12 13 14 15 16 | 16.0

Action                   |  1- 3 |  4- 6 |  7- 9 | 10-12 | 13-15 | 16-18 | 19-21 | 22-24 || total
-------------------------+-------+-------+-------+-------+-------+-------+-------+-------++-------
Melee: Long sword        |   121 |     8 |       |       |    50 |   590 |       |       ||   769
       Bite              |    13 |    15 |    44 |    95 |   200 |   184 |   217 |   162 ||   930
       Whip              |       |    77 |       |       |       |       |       |       ||    77
       Falchion          |       |    23 |   320 |   428 |   436 |       |       |       ||  1207
       Dagger            |       |    15 |       |       |       |       |       |       ||    15
       Mace              |       |       |       |       |   475 |       |       |       ||   475
       Headbutt          |       |       |       |       |    29 |   345 |   337 |       ||   711
       Demon trident     |       |       |       |       |       |   377 |  1662 |   718 ||  2757
       Kick              |       |       |       |       |       |       |       |     4 ||     4
       Demon blade       |       |       |       |       |       |       |       |   104 ||   104
Throw: Tomahawk          |       |       |       |    15 |    71 |    79 |    43 |       ||   208
       Throwing net      |       |       |       |       |     1 |     2 |       |       ||     3
       Javelin           |       |       |       |       |       |       |    24 |     4 ||    28
Invok: Upheaval          |       |       |       |       |     3 |     3 |     3 |       ||     9
       Elemental Force   |       |       |       |       |       |       |     1 |       ||     1
       Disaster Area     |       |       |       |       |       |       |       |     2 ||     2
 Abil: Evoke Berserk Rag |       |       |       |     8 |       |     1 |       |       ||     9
       Evoke Blink       |       |       |       |     1 |       |     3 |     1 |     3 ||     8
       Evoke Invisibilit |       |       |       |       |     2 |       |       |       ||     2
       Stop Flying       |       |       |       |       |       |       |       |     1 ||     1
Evoke: Wand              |       |       |     2 |    11 |    10 |    38 |     9 |     8 ||    78
       Lamp of fire      |       |       |       |       |     4 |     4 |     3 |     4 ||    15
       Lightning rod     |       |       |       |       |       |    10 |       |       ||    10
  Use: Scroll            |     3 |     3 |     2 |     5 |    11 |    16 |     4 |    10 ||    54
       Potion            |       |     2 |     1 |       |     5 |     7 |     5 |       ||    20
 Stab: Sleeping          |       |     1 |       |       |       |       |       |       ||     1
       Invisible         |       |       |       |       |     2 |       |     7 |       ||     9
       Held in net/web   |       |       |       |       |       |     1 |       |       ||     1
       Distracted        |       |       |       |       |       |       |       |     1 ||     1
  Eat: Chunk             |     2 |     3 |     9 |    12 |    16 |    11 |    16 |    11 ||    80
       Ration            |       |       |       |     4 |     4 |     5 |     6 |       ||    19
Armor: Scale mail        |    49 |    60 |   112 |    67 |   104 |    85 |    46 |       ||   523
       Plate armour      |       |       |       |       |       |       |   148 |   164 ||   312
Dodge: Dodged            |    33 |    25 |   103 |   128 |   266 |   370 |   373 |   171 ||  1469
       Deflected         |       |       |       |     1 |     6 |    40 |    46 |    16 ||   109
Block: Shield            |    78 |    84 |   247 |   342 |   876 |  1154 |       |       ||  2781
       Large shield      |       |       |       |       |       |    30 |  1702 |   799 ||  2531
       Rpst.: Long sword |    11 |       |       |       |     2 |    43 |       |       ||    56
       Falchion          |       |     2 |    37 |    34 |    26 |       |       |       ||    99
       Demon blade       |       |       |       |       |       |       |       |     2 ||     2
